[Event "XX Gran Hotel Bali-B 2023"]
[Site "Benidorm"]
[Date "2023.12.06"]
[Round "7.12"]
[White "Gimeno Simo, Sergio"]
[Black "Buitron Ramil, David"]
[Result "0-1"]
[ECO "B76"]
[WhiteElo "1845"]
[BlackElo "1948"]
[Annotator "NA RC"]
[PlyCount "104"]
[EventDate "2023.12.02"]
[EventType "swiss"]
[EventCountry "ESP"]
[SourceTitle "playchess.com"]
[Source "ChessBase"]
[SourceQuality "1"]
[TimeControl "5400+30"]

1. e4 c5 2. Nf3 d6 3. d4 cxd4 4. Nxd4 Nf6 5. Nc3 g6 6. Be3 Bg7 7. f3 O-O 8. Qd2 Nc6 9. O-O-O d5 10. exd5 Nxd5 11. Nxc6 bxc6 12. Bd4 Bxd4 13. Qxd4 Qb6 14. Nxd5 cxd5 15. h4 Qxd4 16. Rxd4 e6 17. h5 Kg7 18. hxg6 hxg6 19. Bd3 Bb7 20. Rdh4 Kf6 21. f4 a5 22. Rh7 Ba6 23. Bxa6 Rxa6 24. Rh8 Rxh8 25. Rxh8 Kf5 26. Rh4 Rb6 27. b3 Rb4 28. g3 Ke4 29. c3 Rb7 30. Kd2 Kf3 31. Rh1 Kxg3 32. Ke3 Rc7 33. Rg1+ Kh2 34. Rc1 f6 35. Kf3 e5 36. c4 Rc5 37. a3 dxc4 38. Rxc4 Rb5 39. b4 axb4 40. axb4 exf4 41. Rxf4 f5 42. Rc4 g5 43. Rc2+ Kh3 44. Rb2 g4+ 45. Kf4 g3 46. Rb3 Kh4 47. Rb1 g2 48. Kf3 Kh3 49. Kf2 f4 50. Kg1 Kg3 51. Rb2 f3 52. Rb3 Rxb4 0-1

[Event "XX Gran Hotel Bali-B 2023"]
[Site "Benidorm"]
[Date "2023.12.07"]
[Round "8.1"]
[White "Fabre Massana, Miquel"]
[Black "Navarro Rico, Lluis"]
[Result "*"]
[ECO "C42"]
[WhiteElo "1982"]
[BlackElo "1937"]
[Annotator "RC"]
[PlyCount "59"]
[EventDate "2023.12.02"]
[EventType "swiss"]
[EventCountry "ESP"]
[SourceTitle "playchess.com"]
[Source "ChessBase"]
[SourceQuality "1"]
[TimeControl "5400+30"]

1. e4 e5 2. Nf3 Nf6 3. Nxe5 d6 4. Nf3 Nxe4 5. d4 d5 6. Bd3 Nc6 7. O-O Be7 8. Re1 Bg4 9. c3 Nf6 10. Bf4 O-O 11. Nbd2 Bd6 12. Bxd6 Qxd6 13. Qc2 Rfe8 14. h3 Bh5 15. Qb3 b6 16. Qa4 Bg6 17. Rxe8+ Nxe8 18. Bb5 Ne7 19. Bxe8 c6 20. Re1 Rxe8 21. Qxa7 Qd8 22. Qb7 Bf5 23. b4 Kf8 24. a4 f6 25. Ra1 Qb8 26. Qxb8 Rxb8 27. a5 Ra8 28. Kh2 Nc8 29. Kg3 Ke7 30. Kf4 *

[Event "XX Gran Hotel Bali-B 2023"]
[Site "Benidorm"]
[Date "2023.12.07"]
[Round "8.2"]
[White "Sham R"]
[Black "Talledo Lagos, Cesar Frank"]
[Result "*"]
[ECO "B14"]
[WhiteElo "1828"]
[BlackElo "1993"]
[Annotator "NA RC"]
[PlyCount "53"]
[EventDate "2023.12.02"]
[EventType "swiss"]
[EventCountry "ESP"]
[SourceTitle "playchess.com"]
[Source "ChessBase"]
[SourceQuality "1"]
[TimeControl "5400+30"]

1. e4 c6 2. d4 d5 3. exd5 cxd5 4. c4 Nf6 5. Nc3 g6 6. Qb3 Bg7 7. cxd5 O-O 8. Be2 Na6 9. Bf3 b5 10. Nxb5 Rb8 11. a4 Nc7 12. Bf4 Nfxd5 13. Bxd5 e5 14. Bxe5 Bxe5 15. dxe5 Nxd5 16. Ne2 a6 17. Rd1 Be6 18. Nec3 Qg5 19. Nxd5 Qxg2 20. Rf1 axb5 21. Nf6+ Kg7 22. Qg3 Qxg3 23. hxg3 bxa4 24. Rd2 Rb3 25. Rh1 h5 26. Rh4 Rb5 27. Re4 *

[Event "XX Gran Hotel Bali-B 2023"]
[Site "Benidorm"]
[Date "2023.12.07"]
[Round "8.3"]
[White "Ionita, Emilian-Paul"]
[Black "Kao, Jamison Edrich"]
[Result "*"]
[ECO "B52"]
[WhiteElo "1899"]
[BlackElo "1701"]
[Annotator "NA RC"]
[PlyCount "54"]
[EventDate "2023.12.02"]
[EventType "swiss"]
[EventCountry "ESP"]
[SourceTitle "playchess.com"]
[Source "ChessBase"]
[SourceQuality "1"]
[TimeControl "5400+30"]

1. e4 c5 2. Nf3 Nc6 3. Bb5 d6 4. O-O Bd7 5. Re1 Nf6 6. Nc3 e5 7. a4 Be7 8. d3 O-O 9. Bg5 Ne8 10. Bxe7 Qxe7 11. Nd5 Qd8 12. c3 Nc7 13. Nxc7 Qxc7 14. h3 a6 15. Bc4 Rab8 16. Qe2 b5 17. axb5 axb5 18. Bd5 Ne7 19. Ba2 Ng6 20. d4 c4 21. Bb1 Rfc8 22. dxe5 dxe5 23. Qe3 Rb6 24. Rd1 Be8 25. Rd5 f6 26. g3 Bf7 27. Rd2 Rcb8 *

[Event "XX Gran Hotel Bali-B 2023"]
[Site "Benidorm"]
[Date "2023.12.07"]
[Round "8.4"]
[White "Vladut, Matei"]
[Black "Exposito Perez, Luis"]
[Result "*"]
[ECO "E07"]
[WhiteElo "1989"]
[BlackElo "1922"]
[Annotator "RC"]
[PlyCount "44"]
[EventDate "2023.12.02"]
[EventType "swiss"]
[EventCountry "ESP"]
[SourceTitle "playchess.com"]
[Source "ChessBase"]
[SourceQuality "1"]
[TimeControl "5400+30"]

1. g3 Nf6 2. Bg2 e6 3. Nf3 d5 4. c4 Be7 5. O-O O-O 6. d4 Nbd7 7. Nc3 c6 8. Nd2 b6 9. e4 dxe4 10. Ndxe4 Bb7 11. Qa4 Qc8 12. Rd1 Rd8 13. Be3 Nxe4 14. Nxe4 Nf6 15. Rac1 Nxe4 16. Bxe4 Qd7 17. c5 b5 18. Qc2 g6 19. h4 Qe8 20. a4 a6 21. Bf4 Bf6 22. Be5 Bg7 *

[Event "XX Gran Hotel Bali-B 2023"]
[Site "Benidorm"]
[Date "2023.12.07"]
[Round "8.5"]
[White "Sempere Domenech, Abel"]
[Black "Martinez Herranz, Francisco Jose"]
[Result "*"]
[ECO "E61"]
[WhiteElo "1981"]
[BlackElo "1923"]
[Annotator "NA RC"]
[PlyCount "33"]
[EventDate "2023.12.02"]
[EventType "swiss"]
[EventCountry "ESP"]
[SourceTitle "playchess.com"]
[Source "ChessBase"]
[SourceQuality "1"]
[TimeControl "5400+30"]

1. d4 Nf6 2. c4 d6 3. Nf3 g6 4. Nc3 Bf5 5. Qb3 b6 6. Ng5 Bg7 7. e4 Bd7 8. c5 e6 9. cxd6 cxd6 10. Bf4 Nh5 11. Be3 O-O 12. Be2 Nc6 13. Nf3 Nf6 14. O-O h6 15. h3 Qe7 16. Rac1 Ne8 17. Rfd1 *

[Event "XX Gran Hotel Bali-B 2023"]
[Site "Benidorm"]
[Date "2023.12.07"]
[Round "8.6"]
[White "Santamaria Baeza, Adolfo"]
[Black "Alcaraz Soriano, Angela"]
[Result "*"]
[ECO "B12"]
[WhiteElo "1885"]
[BlackElo "1977"]
[Annotator "RC"]
[PlyCount "59"]
[EventDate "2023.12.02"]
[EventType "swiss"]
[EventCountry "ESP"]
[SourceTitle "playchess.com"]
[Source "ChessBase"]
[SourceQuality "1"]
[TimeControl "5400+30"]

1. e4 c6 2. d4 d5 3. e5 Bf5 4. Nf3 e6 5. Nbd2 Ne7 6. Be2 Nd7 7. O-O h6 8. c4 dxc4 9. Nxc4 Nd5 10. Qb3 Qc7 11. Bd2 Be7 12. Rac1 O-O 13. h3 Rfd8 14. Ne3 Nxe3 15. Qxe3 Nb6 16. Ba5 Rd5 17. Bd2 Rad8 18. Qf4 Bg5 19. Nxg5 Rxd4 20. Qe3 Rxd2 21. Nf3 Rxb2 22. Bc4 Nxc4 23. Rxc4 Bd3 24. Rg4 Kh8 25. Rd1 Re2 26. Qxa7 Ba6 27. Rxd8+ Qxd8 28. Rd4 Qa5 29. Qb8+ Kh7 30. Qf8 *

[Event "XX Gran Hotel Bali-B 2023"]
[Site "Benidorm"]
[Date "2023.12.07"]
[Round "8.7"]
[White "Blanco Garcia Bajo, David"]
[Black "Lloret Climent, Miguel"]
[Result "*"]
[ECO "A06"]
[WhiteElo "1812"]
[BlackElo "1954"]
[Annotator "NA RC"]
[PlyCount "38"]
[EventDate "2023.12.02"]
[EventType "swiss"]
[EventCountry "ESP"]
[SourceTitle "playchess.com"]
[Source "ChessBase"]
[SourceQuality "1"]
[TimeControl "5400+30"]

1. Nf3 d5 2. b3 Nf6 3. Bb2 c5 4. e3 Nc6 5. Bb5 Bg4 6. h3 Bd7 7. Bxc6 Bxc6 8. Ne5 Rc8 9. d4 e6 10. Nxc6 Rxc6 11. dxc5 Bxc5 12. O-O O-O 13. Nd2 Re8 14. c4 Bb4 15. cxd5 exd5 16. Nf3 Bc3 17. Bxc3 Rxc3 18. Rc1 Qc7 19. Rxc3 Qxc3 *

[Event "XX Gran Hotel Bali-B 2023"]
[Site "Benidorm"]
[Date "2023.12.07"]
[Round "8.8"]
[White "Castillo Garcia, Adrian"]
[Black "Conde Chamizo, Pablo"]
[Result "*"]
[ECO "D00"]
[WhiteElo "1974"]
[BlackElo "1905"]
[Annotator "RC"]
[PlyCount "46"]
[EventDate "2023.12.02"]
[EventType "swiss"]
[EventCountry "ESP"]
[SourceTitle "playchess.com"]
[Source "ChessBase"]
[SourceQuality "1"]
[TimeControl "5400+30"]

1. d4 Nf6 2. Nc3 d5 3. Bf4 e6 4. e3 Bb4 5. Nge2 Ne4 6. f3 Nxc3 7. Nxc3 c5 8. a3 Bxc3+ 9. bxc3 Nc6 10. Bb5 cxd4 11. Bxc6+ bxc6 12. cxd4 Ba6 13. Qd2 O-O 14. Kf2 h5 15. h4 Qe7 16. Qa5 Bc4 17. Rab1 Rfc8 18. Qc5 Qxc5 19. dxc5 f6 20. Bd6 Bb5 21. g4 hxg4 22. Rhg1 gxf3 23. a4 Ba6 *

[Event "XX Gran Hotel Bali-B 2023"]
[Site "Benidorm"]
[Date "2023.12.07"]
[Round "8.9"]
[White "Buitron Ramil, David"]
[Black "Calatayud Ortega, Alberto"]
[Result "*"]
[ECO "B15"]
[WhiteElo "1948"]
[BlackElo "1863"]
[Annotator "NA RC"]
[PlyCount "47"]
[EventDate "2023.12.02"]
[EventType "swiss"]
[EventCountry "ESP"]
[SourceTitle "playchess.com"]
[Source "ChessBase"]
[SourceQuality "1"]
[TimeControl "5400+30"]

1. e4 c6 2. d4 d5 3. Nc3 dxe4 4. Nxe4 Nf6 5. Ng3 h5 6. h4 g6 7. Bg5 Bg7 8. Qd2 Be6 9. N1e2 Qb6 10. c3 Bc4 11. b3 Bxe2 12. Bxe2 Nbd7 13. O-O e6 14. c4 O-O 15. Bf3 Rfe8 16. Rad1 Rad8 17. Qf4 Rc8 18. Rfe1 Qa5 19. Rd2 Qb4 20. Red1 Qf8 21. Ne4 Nxe4 22. Qxe4 Nf6 23. Qb1 Nh7 24. Be3 *

[Event "XX Gran Hotel Bali-B 2023"]
[Site "Benidorm"]
[Date "2023.12.07"]
[Round "8.10"]
[White "Stanchev, Aleksandar"]
[Black "Ziobrowska, Maja"]
[Result "*"]
[ECO "D02"]
[WhiteElo "1948"]
[BlackElo "1678"]
[Annotator "RC"]
[PlyCount "32"]
[EventDate "2023.12.02"]
[EventType "swiss"]
[EventCountry "ESP"]
[SourceTitle "playchess.com"]
[Source "ChessBase"]
[SourceQuality "1"]
[TimeControl "5400+30"]

1. Nf3 Nf6 2. d4 d5 3. g3 e6 4. Bg2 Bd6 5. b3 Nbd7 6. Bb2 Ne4 7. O-O h5 8. Nbd2 Ndf6 9. Ne5 h4 10. Nxe4 Nxe4 11. Qd3 f6 12. f3 hxg3 13. fxe4 fxe5 14. Qxg3 exd4 15. Qg6+ Kd7 16. h3 Qe8 *

[Event "XX Gran Hotel Bali-B 2023"]
[Site "Benidorm"]
[Date "2023.12.07"]
[Round "8.11"]
[White "Bethencourt Hernandez, Alberto"]
[Black "Pena Torres, Jose Carlos"]
[Result "1-0"]
[ECO "C15"]
[WhiteElo "1869"]
[BlackElo "1921"]
[Annotator "NA RC"]
[PlyCount "51"]
[EventDate "2023.12.02"]
[EventType "swiss"]
[EventCountry "ESP"]
[SourceTitle "playchess.com"]
[Source "ChessBase"]
[SourceQuality "1"]
[TimeControl "5400+30"]

1. e4 e6 2. d4 d5 3. Nc3 Bb4 4. Nge2 Nf6 5. e5 Nfd7 6. a3 Be7 7. Be3 c5 8. f4 b6 9. g3 Ba6 10. Bg2 Nc6 11. f5 cxd4 12. Nxd4 Nxd4 13. Bxd4 Qc7 14. fxe6 fxe6 15. Qg4 Qc6 16. Qxg7 Rf8 17. Qxh7 Rc8 18. Qg6+ Kd8 19. Bh3 Bc5 20. O-O-O Bxd4 21. Rxd4 Nc5 22. Qg7 Rf2 23. Rh4 Nd7 24. Qg8+ Nf8 25. Rh7 d4 26. Qg5+ 1-0

[Event "XX Gran Hotel Bali-B 2023"]
[Site "Benidorm"]
[Date "2023.12.07"]
[Round "8.12"]
[White "Clausen, Karl Erik"]
[Black "Gyaneshwar B"]
[Result "*"]
[ECO "B26"]
[WhiteElo "1899"]
[BlackElo "1712"]
[Annotator "NA RC"]
[PlyCount "32"]
[EventDate "2023.12.02"]
[EventType "swiss"]
[EventCountry "ESP"]
[SourceTitle "playchess.com"]
[Source "ChessBase"]
[SourceQuality "1"]
[TimeControl "5400+30"]

1. e4 c5 2. Nc3 d6 3. g3 Nc6 4. Bg2 g6 5. d3 Bg7 6. Nge2 Rb8 7. Be3 b5 8. Qd2 b4 9. Nd1 Nd4 10. c3 Nc6 11. O-O h5 12. d4 bxc3 13. bxc3 Ba6 14. Re1 cxd4 15. cxd4 Qd7 16. Ndc3 h4 *

[Event "XX Gran Hotel Bali-B 2023"]
[Site "Benidorm"]
[Date "2023.12.08"]
[Round "9.1"]
[White "Navarro Rico, Lluis"]
[Black "Sham R"]
[Result "0-1"]
[ECO "A36"]
[WhiteElo "1965"]
[BlackElo "1897"]
[Annotator "RC"]
[PlyCount "120"]
[EventDate "2023.12.02"]
[EventType "swiss"]
[EventCountry "ESP"]
[SourceTitle "playchess.com"]
[Source "ChessBase"]
[SourceQuality "1"]
[TimeControl "5400+30"]

1. c4 g6 2. Nc3 Bg7 3. g3 e5 4. Bg2 Ne7 5. e3 O-O 6. Nge2 c5 7. a3 a5 8. Rb1 Nbc6 9. O-O d6 10. d3 Be6 11. Nd5 Rb8 12. Nec3 h6 13. Bd2 Kh7 14. Qc2 b6 15. b4 axb4 16. axb4 cxb4 17. Nxb4 Nxb4 18. Rxb4 d5 19. cxd5 Nxd5 20. Nxd5 Bxd5 21. e4 Be6 22. Rfb1 Qd7 23. Be3 Rfc8 24. Qd2 b5 25. d4 exd4 26. Bf4 Ra8 27. e5 Ra4 28. h4 Rxb4 29. Qxb4 Bc4 30. Rd1 Bf8 31. Qb1 Be2 32. e6 fxe6 33. h5 d3 34. hxg6+ Kg8 35. Rd2 Rc4 36. Be3 Bb4 37. Ra2 d2 38. Bxd2 Bxd2 39. Qb2 Rd4 40. Ra8+ Kg7 41. Qa1 Kxg6 42. Ra7 Bc3 43. Qa6 Rd6 44. Qa2 Rd2 45. Qa6 Rd1+ 46. Kh2 Rd6 47. Qa2 Rd2 48. Qa3 b4 49. Qa5 Qb5 50. Be4+ Kf6 51. Qc7 Qh5+ 52. Kg2 Qg5 53. Qe7+ Ke5 54. f4+ Kxe4 55. Qxe6+ Qe5 56. Qg6+ Ke3 57. Qb6+ Bd4 58. fxe5 Bg4+ 59. Kf1 Rd1+ 60. Kg2 Bf3+ 0-1

[Event "XX Gran Hotel Bali-B 2023"]
[Site "Benidorm"]
[Date "2023.12.08"]
[Round "9.2"]
[White "Kao, Jamison Edrich"]
[Black "Vladut, Matei"]
[Result "1/2-1/2"]
[ECO "B06"]
[WhiteElo "1835"]
[BlackElo "1989"]
[Annotator "RC"]
[PlyCount "185"]
[EventDate "2023.12.02"]
[EventType "swiss"]
[EventCountry "ESP"]
[SourceTitle "playchess.com"]
[Source "ChessBase"]
[SourceQuality "1"]
[TimeControl "5400+30"]

1. e4 g6 2. d4 Bg7 3. Be3 c5 4. Nc3 cxd4 5. Bxd4 Nf6 6. Be2 d6 7. g4 Nc6 8. Be3 Qa5 9. Bd2 Qd8 10. g5 Nd7 11. f3 h6 12. gxh6 Bxh6 13. Bxh6 Rxh6 14. Qd2 Rh7 15. O-O-O Qa5 16. f4 Nb6 17. Nf3 Bd7 18. Rhg1 O-O-O 19. Kb1 Na4 20. Nd5 Qxd2 21. Rxd2 Nc5 22. Bd3 Be6 23. Ng5 Rh4 24. Be2 Rxh2 25. b4 Nd7 26. Nxe6 fxe6 27. b5 exd5 28. bxc6 Nf6 29. e5 dxe5 30. fxe5 Rxe2 31. Rxe2 Ne4 32. cxb7+ Kxb7 33. Kb2 g5 34. c4 e6 35. cxd5 exd5 36. Rd1 Kc6 37. Rc2+ Kb6 38. e6 Nf6 39. Rf2 Ne4 40. Rf5 Kc6 41. Re5 Nd6 42. Rxg5 Re8 43. Rg6 Re7 44. Kc3 Nb5+ 45. Kd3 Nc7 46. Rh1 Nxe6 47. Rhh6 Kd6 48. Ke3 Ke5 49. Rh5+ Kd6 50. Kf3 Kc5 51. Re5 Nd4+ 52. Kf4 Ne2+ 53. Kf5 Nd4+ 54. Kf6 Rb7 55. Rgg5 Rd7 56. Rg3 Rd6+ 57. Kg5 Ra6 58. a3 Kc4 59. Ree3 Nb5 60. Kf5 d4 61. Rb3 Nc3 62. Rb4+ Kc5 63. Rd3 Rd6 64. Ke5 Rd5+ 65. Kf4 a5 66. Rb2 Kc4 67. Rbd2 a4 68. Kf3 Rd7 69. Kf4 Rd5 70. Kf3 Rd8 71. Kf4 Rf8+ 72. Ke5 Re8+ 73. Kf4 Nb5 74. Kf3 Rh8 75. Ke4 Rh4+ 76. Ke5 Rh5+ 77. Ke4 Nc3+ 78. Kf4 Rh4+ 79. Kg3 Re4 80. Kf3 Rh4 81. Kg3 Re4 82. Kf3 Kc5 83. Rxc3+ dxc3 84. Rc2 Kd4 85. Rxc3 Rh4 86. Rc8 Rh3+ 87. Ke2 Rxa3 88. Kd2 Ra2+ 89. Kc1 a3 90. Kb1 Rb2+ 91. Ka1 Rg2 92. Rc1 Kd3 93. Rc8 1/2-1/2

[Event "XX Gran Hotel Bali-B 2023"]
[Site "Benidorm"]
[Date "2023.12.08"]
[Round "9.3"]
[White "Santamaria Baeza, Adolfo"]
[Black "Fabre Massana, Miquel"]
[Result "0-1"]
[ECO "B50"]
[WhiteElo "1885"]
[BlackElo "1982"]
[Annotator "NA RC"]
[PlyCount "108"]
[EventDate "2023.12.02"]
[EventType "swiss"]
[EventCountry "ESP"]
[SourceTitle "playchess.com"]
[Source "ChessBase"]
[SourceQuality "1"]
[TimeControl "5400+30"]

1. e4 c5 2. Nf3 Nc6 3. Bc4 d6 4. c3 Nf6 5. d3 e6 6. O-O Be7 7. Bb3 O-O 8. Re1 a6 9. Nbd2 b5 10. d4 Bb7 11. Qe2 Re8 12. Bc2 cxd4 13. cxd4 Qc7 14. Nf1 Rac8 15. Bg5 Nb4 16. Bb3 Bxe4 17. Bxf6 Bxf3 18. Qxf3 Bxf6 19. Re4 Nc6 20. Rd1 Na5 21. Rg4 Qe7 22. Ng3 Nxb3 23. Nh5 Kh8 24. axb3 e5 25. h3 e4 26. Qg3 g6 27. Nf4 Bg7 28. Nd5 Qb7 29. Nc3 d5 30. Rg5 f5 31. Qd6 Rcd8 32. Qa3 Bh6 33. Rg3 b4 34. Qa4 bxc3 35. Rxc3 Rc8 36. Ra1 e3 37. fxe3 Bxe3+ 38. Kh1 Qb5 39. Rc5 Rxc5 40. dxc5 Qxa4 41. bxa4 Bxc5 42. Rd1 f4 43. h4 Rd8 44. Rd3 a5 45. Kh2 Be3 46. Kh3 h5 47. g4 d4 48. gxh5 gxh5 49. Kg2 Rg8+ 50. Kf3 Rg3+ 51. Ke4 f3 52. Rb3 f2 53. Rb8+ Rg8 54. Rb5 Re8+ 0-1

[Event "XX Gran Hotel Bali-B 2023"]
[Site "Benidorm"]
[Date "2023.12.08"]
[Round "9.4"]
[White "Gyaneshwar B"]
[Black "Sempere Domenech, Abel"]
[Result "1/2-1/2"]
[ECO "E06"]
[WhiteElo "1712"]
[BlackElo "1979"]
[Annotator "RC"]
[PlyCount "108"]
[EventDate "2023.12.02"]
[EventType "swiss"]
[EventCountry "ESP"]
[SourceTitle "playchess.com"]
[Source "ChessBase"]
[SourceQuality "1"]
[TimeControl "5400+30"]

1. d4 Nf6 2. c4 e6 3. g3 d5 4. Bg2 Be7 5. Nf3 O-O 6. O-O c6 7. Nc3 b6 8. Ne5 Bb7 9. e4 dxc4 10. Nxc4 Na6 11. Bf4 b5 12. Ne3 h6 13. d5 Bc5 14. dxe6 fxe6 15. Qb3 Qe7 16. Nf5 Qf7 17. Nd6 Bxd6 18. Bxd6 Rfd8 19. e5 Ne8 20. Bh3 Nac7 21. Bxc7 Nxc7 22. Ne4 Bc8 23. Rac1 Bd7 24. Nc5 Nd5 25. Rfd1 Kh8 26. Rd3 Rf8 27. Nxd7 Qxd7 28. Rf3 a5 29. Qd3 a4 30. a3 Rad8 31. Qe4 Ne7 32. Rfc3 Qa7 33. Qe2 Qd7 34. Qg4 Nf5 35. Qe4 Nd4 36. f4 Qa7 37. Kh1 Nb3 38. Re1 Rd2 39. Rc2 Rfd8 40. Rxd2 Rxd2 41. Qe3 Qxe3 42. Rxe3 Nd4 43. f5 Nxf5 44. Bxf5 exf5 45. e6 Rd8 46. Rc3 Kg8 47. Rxc6 Kf8 48. Rc5 Ke7 49. Rxb5 Kxe6 50. Rb4 Rd2 51. Rxa4 Rxb2 52. Ra5 Kf6 53. Kg1 Kg5 54. h3 g6 1/2-1/2

[Event "XX Gran Hotel Bali-B 2023"]
[Site "Benidorm"]
[Date "2023.12.08"]
[Round "9.5"]
[White "Conde Chamizo, Pablo"]
[Black "Stanchev, Aleksandar"]
[Result "1/2-1/2"]
[ECO "E08"]
[WhiteElo "1869"]
[BlackElo "1948"]
[Annotator "NA RC"]
[PlyCount "70"]
[EventDate "2023.12.02"]
[EventType "swiss"]
[EventCountry "ESP"]
[SourceTitle "playchess.com"]
[Source "ChessBase"]
[SourceQuality "1"]
[TimeControl "5400+30"]

1. c4 Nf6 2. g3 e6 3. Bg2 d5 4. d4 c6 5. Qc2 Nbd7 6. Nf3 Be7 7. O-O b6 8. Rd1 Bb7 9. b3 O-O 10. Nc3 Rc8 11. cxd5 cxd5 12. Bb2 b5 13. Qd3 b4 14. Na4 Qa5 15. a3 Ba6 16. axb4 Bxb4 17. Qe3 Qb5 18. Bf1 Ne4 19. Rdc1 Qb7 20. Nc3 Nxc3 21. Bxc3 Be7 22. Qd2 Bb5 23. Bb4 Nf6 24. Bxe7 Qxe7 25. Qa5 a6 26. e3 Qb7 27. Bxb5 axb5 28. Rxc8 Rxc8 29. Qa6 Qxa6 30. Rxa6 Ne4 31. Rb6 f6 32. Ne1 Rc1 33. Kf1 Rb1 34. Rxb5 Rxb3 35. Rxb3 Nd2+ 1/2-1/2

[Event "XX Gran Hotel Bali-B 2023"]
[Site "Benidorm"]
[Date "2023.12.08"]
[Round "9.6"]
[White "Talledo Lagos, Cesar Frank"]
[Black "Bethencourt Hernandez, Alberto"]
[Result "1-0"]
[ECO "B06"]
[WhiteElo "1993"]
[BlackElo "1869"]
[Annotator "NA RC"]
[PlyCount "53"]
[EventDate "2023.12.02"]
[EventType "swiss"]
[EventCountry "ESP"]
[SourceTitle "playchess.com"]
[Source "ChessBase"]
[SourceQuality "1"]
[TimeControl "5400+30"]

1. d4 g6 2. e4 Bg7 3. Nc3 d6 4. Be3 a6 5. a4 b6 6. Bc4 Nf6 7. Nf3 Bb7 8. Qe2 e6 9. e5 Nfd7 10. d5 Nxe5 11. Nxe5 Bxe5 12. f4 Bxc3+ 13. bxc3 Qh4+ 14. Bf2 Qxf4 15. dxe6 f6 16. O-O Qe4 17. Bd4 Qxe2 18. Bxe2 Bd5 19. Bxf6 O-O 20. Bg4 Re8 21. e7 Ra7 22. Rad1 Bf7 23. Bg5 h5 24. Rxf7 Kxf7 25. Rf1+ Kg7 26. Be6 Rxe7 27. Bxe7 1-0

[Event "XX Gran Hotel Bali-B 2023"]
[Site "Benidorm"]
[Date "2023.12.08"]
[Round "9.7"]
[White "Lopez Ruiz, Jarein"]
[Black "Fernandez Alonso, Miguel Angel"]
[Result "1-0"]
[ECO "A27"]
[WhiteElo "1958"]
[BlackElo "1904"]
[Annotator "NA RC"]
[PlyCount "109"]
[EventDate "2023.12.02"]
[EventType "swiss"]
[EventCountry "ESP"]
[SourceTitle "playchess.com"]
[Source "ChessBase"]
[SourceQuality "1"]
[TimeControl "5400+30"]

1. c4 e5 2. Nc3 Nc6 3. Nf3 Bc5 4. e3 Nf6 5. a3 d6 6. d4 exd4 7. exd4 Bb6 8. b4 a6 9. Be2 O-O 10. O-O Bg4 11. Be3 Ne7 12. h3 Bh5 13. g4 Bg6 14. c5 Ba7 15. Bg5 Ne4 16. Nxe4 Bxe4 17. Nd2 Bd5 18. Bf3 f6 19. Bf4 dxc5 20. dxc5 Bxf3 21. Qxf3 Nd5 22. Nc4 c6 23. Rad1 Qd7 24. Ne3 Rfd8 25. Nxd5 cxd5 26. Bd6 Qc6 27. Qxd5+ Qxd5 28. Rxd5 Rd7 29. Rfd1 Rad8 30. R5d2 Bb8 31. Bf4 Rxd2 32. Rxd2 Rxd2 33. Bxd2 Kf7 34. Kf1 Ke6 35. Ke2 f5 36. Kd3 fxg4 37. hxg4 Kd5 38. f4 g6 39. Be3 Bc7 40. a4 Bd8 41. Bd4 h5 42. f5 gxf5 43. gxh5 Bg5 44. Bg7 Ke6 45. h6 Kf7 46. b5 axb5 47. axb5 Bd8 48. Kd4 Kg6 49. Ke5 Bc7+ 50. Ke6 Bg3 51. Kd7 Bf2 52. c6 bxc6 53. bxc6 Bb6 54. Bd4 Ba5 55. Bc3 1-0

[Event "XX Gran Hotel Bali-B 2023"]
[Site "Benidorm"]
[Date "2023.12.08"]
[Round "9.8"]
[White "Lloret Climent, Miguel"]
[Black "Ionita, Emilian-Paul"]
[Result "1-0"]
[ECO "A42"]
[WhiteElo "1954"]
[BlackElo "1899"]
[Annotator "NA RC"]
[PlyCount "85"]
[EventDate "2023.12.02"]
[EventType "swiss"]
[EventCountry "ESP"]
[SourceTitle "playchess.com"]
[Source "ChessBase"]
[SourceQuality "1"]
[TimeControl "5400+30"]

1. c4 c6 2. Nc3 g6 3. e4 Bg7 4. d4 d6 5. f4 e5 6. dxe5 dxe5 7. Qxd8+ Kxd8 8. Nf3 Nd7 9. Be3 b6 10. Rd1 Kc7 11. Be2 Kb7 12. O-O exf4 13. Bxf4 Nc5 14. e5 Nh6 15. Nd4 Be6 16. b4 g5 17. Bg3 Bf8 18. bxc5 Bxc5 19. Ne4 Bxd4+ 20. Rxd4 c5 21. Nd6+ Kc7 22. Rdd1 Rad8 23. Rf6 Ng8 24. Nb5+ Kc8 25. Nxa7+ Kc7 26. Nb5+ Kc8 27. Rxd8+ Kxd8 28. Rf3 h5 29. Rd3+ Ke7 30. Ra3 Nh6 31. Ra7+ Bd7 32. Bxh5 Rd8 33. Bf3 Kf8 34. Nd6 Kg7 35. Bd5 Kg6 36. h4 g4 37. Bf4 Nf5 38. Be4 Be6 39. h5+ Kxh5 40. Nxf5 Rd1+ 41. Kh2 Bxf5 42. Bxf5 Rf1 43. Kg3 1-0

[Event "XX Gran Hotel Bali-B 2023"]
[Site "Benidorm"]
[Date "2023.12.08"]
[Round "9.9"]
[White "Calatayud Ortega, Alberto"]
[Black "Martin Ramos, Hector"]
[Result "0-1"]
[ECO "D01"]
[WhiteElo "1863"]
[BlackElo "1953"]
[Annotator "RC"]
[PlyCount "138"]
[EventDate "2023.12.02"]
[EventType "swiss"]
[EventCountry "ESP"]
[SourceTitle "playchess.com"]
[Source "ChessBase"]
[SourceQuality "1"]
[TimeControl "5400+30"]

1. d4 Nf6 2. Bf4 g6 3. Nc3 d5 4. f3 Bg7 5. Qd2 O-O 6. Bh6 c5 7. Bxg7 Kxg7 8. e3 a6 9. Nge2 c4 10. g4 b5 11. Ng3 b4 12. Nce2 Nc6 13. h4 Rh8 14. g5 Ne8 15. h5 Nd6 16. Bh3 Bxh3 17. Rxh3 Qd7 18. Rh2 Rac8 19. c3 bxc3 20. bxc3 Rb8 21. Nf4 Nf5 22. h6+ Kf8 23. Rg2 Nh4 24. Rf2 Nf5 25. Nf1 e5 26. Ne2 exd4 27. Nxd4 Ncxd4 28. exd4 f6 29. Re2 Kf7 30. Kf2 Rhe8 31. Rae1 Rxe2+ 32. Rxe2 Re8 33. f4 Rxe2+ 34. Qxe2 Qe6 35. Qxe6+ Kxe6 36. gxf6 Nd6 37. Ng3 Kxf6 38. Kf3 Nf5 39. Nf1 Nxh6 40. Ne3 Ke6 41. a4 Nf5 42. Ng4 Nd6 43. Nf2 Kf5 44. Nd1 Ne4 45. Ne3+ Ke6 46. Nd1 h6 47. Ke2 Kf6 48. Kf3 g5 49. fxg5+ Kxg5 50. a5 h5 51. Ne3 Nxc3 52. Nc2 Nb5 53. Nb4 Nc7 54. Nc2 h4 55. Ne3 c3 56. Ke2 h3 57. Nf1 Kf4 58. Kd3 Nb5 59. Nh2 Nxd4 60. Kxc3 Nc6 61. Kd3 Kg3 62. Nf1+ Kf2 63. Nh2 Kg2 64. Ng4 h2 65. Nxh2 Kxh2 66. Ke3 Kg2 67. Ke2 d4 68. Kd3 Kf3 69. Kc4 Ke3 0-1